 Dungeon Crawl Stone Soup version 0.20-a0-850-ge5a7832 (webtiles) character file.

106 polly the Slasher (level 4, -5/34 HPs)
             Began as a Demonspawn Gladiator on Mar 10, 2017.
             Slain by a gnoll (7 damage)
             ... on level 2 of the Dungeon.
             The game lasted 00:01:51 (1689 turns).

polly the Slasher (Demonspawn Gladiator)            Turns: 1689, Time: 00:01:52

Health: -5/34      AC:  4    Str: 15    XL:     4   Next: 55%
Magic:  4/4        EV: 13    Int:  9    God:
Gold:   54         SH:  0    Dex: 15    Spells: 3/3 levels left

rFire    . . .     SeeInvis .   a - +0 long sword
rCold    . . .     Gourm    .   b - +0 leather armour
rNeg     . . .     Faith    .   (no shield)
rPois    .         Spirit   .   c - +0 helmet
rElec    .         Reflect  .   (no cloak)
rCorr    .         Harm     .   (no gloves)
MR       .....                  (no boots)
Stlth    +.........             (no amulet)
Regen    0.2/turn               (no ring)
MPRegen  0.1/turn               (no ring)

@: no status effects
A: hooves 1, demonic guardian 1, powered by death 1
a: no special abilities


You were on level 2 of the Dungeon.
You were very hungry.

You visited 1 branch of the dungeon, and saw 2 of its levels.

You collected 54 gold pieces.

Inventory:

Hand Weapons
 a - a +0 long sword (weapon)
Missiles
 d - 3 throwing nets (quivered)
Armour
 b - a +0 leather armour (worn)
 c - a +0 helmet (worn)
Scrolls
 e - a scroll of fog {unknown}
 h - a scroll of enchant armour {unknown}
 i - a scroll of amnesia {unknown}
 j - a scroll of remove curse {unknown}
 k - a scroll of magic mapping {unknown}
 o - a scroll of teleportation {unknown}
 p - a scroll of identify {unknown}
Potions
 g - a potion of magic {unknown}
 l - a potion of brilliance {unknown}
 m - a potion of agility {unknown}
Comestibles
 f - a bread ration
 n - a royal jelly


   Skills:
 + Level 2.3 Fighting
 + Level 4.0 Long Blades
 + Level 1.7 Throwing
 + Level 1.0 Armour
 + Level 3.1 Dodging
 + Level 1.0 Stealth


You had 3 spell levels left.
You didn't know any spells.

Dungeon Overview and Level Annotations

Branches:
Dungeon (2/15)

Altars:


Innate Abilities, Weirdness & Mutations

You have large cloven feet.
A weak demonic guardian rushes to your aid.
You regenerate a little health from kills.


Message History

The gnoll misses you.
You hit the gnoll but do no damage. You kick the gnoll, but do no damage.
The gnoll is severely wounded.
The gnoll closely misses you.
You riposte.
You hit the gnoll but do no damage.
The gnoll is severely wounded.
You hit the gnoll. You kick the gnoll, but do no damage.
The gnoll is almost dead.
The gnoll barely misses you.
You are feeling very hungry.
You barely miss the gnoll. Your kick misses the gnoll.
The gnoll is almost dead.
The gnoll hits you with a flail!
* * * LOW HITPOINT WARNING * * *
You slash the gnoll!
You kill the gnoll!
Your Armour skill increases to level 1!
You barely miss the gnoll. You kick the gnoll, but do no damage.
The gnoll is severely wounded.
The gnoll hits you!
You die...

....# ...# ...# ..#
..# . #.# .. .g #.#
♣.. ... #@# ..♣
....####g#♣♣♣ ..
....g.......♣ ♣.
....g..†)#♣.♣♣ ♣.
......†.<#♣..♣♣♣ ♣.
.........#♣♣...♣♣♣♣
♣♣ ..>......#
♣♣.♣.♣.♣♣ ♣
.........#
♣♣♣♣...♣♣♣ ♣
.........#
♣♣♣.♣.♣♣♣♣


You could see a gnoll.

Vanquished Creatures
  3 gnolls (D:2)
  2 adders (D:2)
  A worm (D:2)
  2 dart slugs
  6 bats
  2 giant cockroaches
  5 goblins
  10 hobgoblins
  3 jackals (D:2)
  2 frilled lizards (D:1)
  4 kobolds
  3 rats (D:1)
  2 plants (D:1)
45 creatures vanquished.

Vanquished Creatures (collateral kills)
  An adder (D:2)
  A hobgoblin (D:2)
2 creatures vanquished.

Grand Total: 47 creatures vanquished

Notes
Turn   | Place    | Note
-------+----------+-------------------------------------------
     0 | D:1      | polly the Demonspawn Gladiator began the quest for the Orb.
     0 | D:1      | Reached XP level 1. HP: 16/16 MP: 1/1
   131 | D:1      | Reached skill level 3 in Long Blades
   211 | D:1      | Gained mutation: You regenerate a little health from kills. [demonic ancestry]
   211 | D:1      | Reached XP level 2. HP: 21/22 MP: 2/2
  1085 | D:2      | Gained mutation: A weak demonic guardian rushes to your aid. [demonic ancestry]
  1085 | D:2      | Reached XP level 3. HP: 12/27 MP: 3/3
  1661 | D:2      | Gained mutation: You have large cloven feet. [demonic ancestry]
  1661 | D:2      | Reached XP level 4. HP: 20/33 MP: 4/4
  1676 | D:2      | Reached skill level 4 in Long Blades
  1676 | D:2      | Reached skill level 1 in Stealth
  1687 | D:2      | HP: 1/34 [gnoll/flail (8)]
  1688 | D:2      | Reached skill level 1 in Armour
  1689 | D:2      | Slain by a gnoll

Vault maps used:
D:1:      minmay_arrival_widening_spiral_narrow, minmay_splitting_lines,
          serial_bayou_lagoon_a
D:2:      kb_forest_paths, grunt_temple_overflow_open,
          chequers_ecumenical_altar_island

Skill      XL: |  1  2  3  4 |
---------------+-------------+-----
Long Blades    | 3 4 |  4.0
Dodging        | 3 |  3.1
Stealth        | 1 |  1.0
Armour         | 1 |  1.0
Fighting       | |  2.3
Throwing       | |  1.7

Action                   |  1- 3 |  4- 6 || total
-------------------------+-------+-------++-------
Melee: Long sword        |   177 |    28 ||   205
       Kick              |       |    12 ||    12
Throw: Throwing net      |     2 |       ||     2
 Stab: Sleeping          |     2 |       ||     2
       Held in net/web   |     1 |       ||     1
  Eat: Chunk             |     2 |       ||     2
Armor: Leather armour    |    46 |     3 ||    49
Dodge: Dodged            |    94 |    19 ||   113
       Rpst.: Long sword |    30 |     7 ||    37
